 Dungeon Crawl Stone Soup version 0.31-a0-1-g4198be8af4 (webtiles) character file.

Game seed: 6766904630240332077

506 jasper the Poker (level 6, -6/48 HPs)
             Began as a Demonspawn Cinder Acolyte on May 1, 2023.
             Was a High Priest of Ignis.
             Mangled by Prince Ribbit (16 damage)
             ... on level 5 of the Dungeon.
             The game lasted 00:05:55 (4328 turns).

jasper the Poker (Demonspawn Cinder Acolyte)        Turns: 4328, Time: 00:05:56

Health: -6/48      AC:  6    Str: 14    XL:     6   Next: 97%
Magic:  5/9        EV: 15    Int: 17    God:    Ignis [*****.]
Gold:   304        SH:  5    Dex:  9    Spells: 7/9 levels left

rFire   + . .        f - +0 halberd (flame)
rCold   . . .        (shield currently unavailable)
rNeg    . . .        h - +1 ring mail
rPois   .            (no helmet)
rElec   .            (cloak unavailable)
rCorr   +            (no gloves)
SInv    .            (no boots)
Will    .....        g - amulet of reflection Stlth
                     s - ring of resist corrosion
HPRegen 0.28/turn    (no ring)
MPRegen 0.11/turn

%: reflection
@: agile
A: powered by pain 2, weakness stinger 3
a: Renounce Religion, Fiery Armour, Foxfire Swarm, Rising Flame


You were on level 5 of the Dungeon.
You worshipped Ignis.
Ignis was extremely pleased with you.
You visited 1 branch of the dungeon, and saw 5 of its levels.

You collected 304 gold pieces.

Inventory:

Hand Weapons
 a - a -1 spear of flaming
 f - a +0 halberd of flaming (weapon)
Missiles
 q - 3 curare-tipped darts
 r - 6 javelins
Armour
 b - a +0 robe
 h - a +1 ring mail (worn)
 m - the +0 leather armour of Fuilem {rF+ rC+ Dex+2 Slay-6}
   (You found it on level 2 of the Dungeon)

   Dex:       It affects your dexterity (+2).
   Slay:      It affects your accuracy & damage with ranged weapons and melee
   (-6).
   rF:        It protects you from fire.
   rC:        It protects you from cold.
Magical Staves
 j - a staff of death
Jewellery
 g - an amulet of reflection (around neck)
 s - a ring of resist corrosion (left hand)
Scrolls
 i - a scroll of teleportation
 n - a scroll of identify
Potions
 c - 2 potions of brilliance
 d - 2 potions of berserk rage
 e - 2 potions of haste
 k - 3 potions of curing
 l - a potion of attraction
 o - a potion of resistance {unknown}
 p - 2 potions of heal wounds {unknown}
 u - a potion of lignification {unknown}


   Skills:
 + Level 3.8 Fighting
 - Level 5.1 Polearms
 + Level 1.9 Armour
 + Level 2.2 Spellcasting
 * Level 4.2 Fire Magic


You had 7 spell levels left.
You knew the following spells:

 Your Spells              Type           Power      Damage    Failure   Level
a - Scorch                Fire           32%        2d6       10%         2

Your spell library contained the following spells:

 Spells                   Type           Power      Damage    Failure   Level


Dungeon Overview and Level Annotations

Branches:
Dungeon (5/15)
 Temple: D:4-7

Altars:
Fedhas
Gozag
Makhleb
Ru
Trog
Wu Jian

Annotations:
D:5 Prince Ribbit


Innate Abilities, Weirdness & Mutations

You sometimes gain power by taking damage.
You have a sharp stinger which inflicts weakening toxins.


Message History

Casting: Scorch (safe; 10% risk of failure)
Press: ? - help, Q - select action, (/) - cycle Dir - look around, f - activate Flames lash Prince Ribbit.
Prince Ribbit is lightly wounded.
Prince Ribbit's fire resistance burns away.
You hear a shout! x2
Prince Ribbit hits you!
You focus on the pain.
You feel your power returning.
You take 11 damage, and have 37/48 hp.
MASSIVE DAMAGE!!
Reach: f) +0 halberd (flame)
Press: ? - help, Dir - move target, f - Prince Ribbit
Aim: Prince Ribbit (lightly wounded, more vulnerable to fire, about 83% to evade your +0 halberd of flaming)
You barely miss Prince Ribbit.
Prince Ribbit is lightly wounded.
Prince Ribbit hits you! You block Prince Ribbit's attack.
You take 9 damage, and have 28/48 hp.
Casting: Scorch (safe; 10% risk of failure)
Press: ? - help, Q - select action, (/) - cycle Dir - look around, f - activate Flames lash Prince Ribbit.
Prince Ribbit is burned terribly!
Prince Ribbit is moderately wounded.
Prince Ribbit hits you!
* * * LOW HITPOINT WARNING * * *
You focus on the pain.
You feel agile all of a sudden.
An orc comes into view. It is wielding a +0 dagger.
You take 14 damage, and have 14/48 hp.
MASSIVE DAMAGE!!
You now have 7/9 mp.
You feel better.
Prince Ribbit catches a small bird with his tongue.
Prince Ribbit barely misses you. Prince Ribbit closely misses you.
You regained 5 hp, and now have 19/48 hp.
Casting: Scorch (safe; 10% risk of failure)
Press: ? - help, Q - select action, (/) - cycle Dir - look around, f - activate Flames lash the orc.
You kill the orc!
Prince Ribbit hits you!
* * * LOW HITPOINT WARNING * * *
You take 10 damage, and have 9/48 hp.
MASSIVE DAMAGE!!
You now have 5/9 mp.
Okay, then.
Okay, then.
Prince Ribbit hits you!
You die...

.../.oo. .....F
..... .... #..#
#..# #
#oo######.###.
##.)ooF........
##...###@##.###
#........<.#
#.##..........#
#. ##..######.#
. #..# # #...
#.##


You could see Prince Ribbit (combustible) and 4 orcs.

Vanquished Creatures
  A scorpion (D:4)
  2 jellies (D:4)
  2 orc priests (D:3)
  2 hounds (D:4)
  Natasha (thrice) (D:2)
  6 gnolls
  6 adders
  2 worms
  2 dart slugs
  4 orcs
  8 ball pythons
  7 endoplasms
  4 giant cockroaches
  5 goblins
  8 hobgoblins
  3 quokkas
  6 bats
  5 frilled lizards
  5 kobolds
  7 rats
88 creatures vanquished.

Notes
Turn   | Place    | Note
-------+----------+-------------------------------------------
     0 | D:1      | jasper the Demonspawn Cinder Acolyte began the quest for
                  | the Orb.
     0 | D:1      | Reached XP level 1. HP: 18/18 MP: 2/2
    43 | D:1      | Reached skill level 3 in Polearms
   148 | D:1      | Gained mutation: You have a small tail. [demonic ancestry]
   148 | D:1      | Reached XP level 2. HP: 23/24 MP: 3/3
   168 | D:1      | Learned a level 2 spell: Scorch
   289 | D:1      | You fall into a shaft and drop 1 floor!
   551 | D:1      | Gained mutation: You sometimes gain a little power by
                  | taking damage. [demonic ancestry]
   551 | D:1      | Reached XP level 3. HP: 11/29 MP: 4/4
   954 | D:2      | Found a faded altar of an unknown god.
  1012 | D:2      | Reached skill level 4 in Polearms
  1195 | D:2      | Noticed Natasha
  1205 | D:2      | Killed Natasha
  1206 | D:2      | Gained mutation: You have a tail ending in a sharp stinger.
                  | [demonic ancestry]
  1206 | D:2      | Reached XP level 4. HP: 25/35 MP: 5/5
  1509 | D:2      | Identified the +0 leather armour of Fuilem {rF+ rC+ Dex+2
                  | Slay-6}
  1811 | D:2      | Noticed Natasha
  1823 | D:2      | Killed Natasha
  1824 | D:2      | Reached skill level 5 in Polearms
  1902 | D:2      | Noticed Natasha
  1909 | D:2      | Killed Natasha
  1910 | D:2      | Gained mutation: You have a sharp stinger which inflicts
                  | weakening toxins. [demonic ancestry]
  1910 | D:2      | Reached XP level 5. HP: 32/41 MP: 1/6
  2273 | D:3      | Reached skill level 1 in Armour
  2583 | D:3      | Found a bloodstained altar of Trog.
  3198 | D:4      | Gained mutation: You sometimes gain power by taking damage.
                  | [demonic ancestry]
  3198 | D:4      | Reached XP level 6. HP: 44/47 MP: 0/8
  3653 | D:4      | Found a burning altar of Makhleb.
  3898 | D:4      | Found an ornate altar of the Wu Jian Council.
  3898 | D:4      | Found a faded altar of an unknown god.
  3923 | D:4      | Found an opulent altar of Gozag.
  3925 | D:4      | Found a blossoming altar of Fedhas.
  3927 | D:4      | Found a faded altar of an unknown god.
  4152 | D:4      | Found a sacrificial altar of Ru.
  4309 | D:5      | Entered Level 5 of the Dungeon
  4316 | D:5      | Noticed Prince Ribbit
  4328 | D:5      | Mangled by Prince Ribbit

Illustrated notes

Levels and vault maps discovered:
D:1:      wander_arrival_lonely_grave, layout_loops_ring, minmay_statues_item
D:2:      layout_loops_ring, nicolae_ecumenical_oubliette, uniq_natasha
D:3:      layout_loops_ring, amcnicky_altar_gilded, grunt_ministairs_7,
          minmay_ruptured
D:4:      layout_gridville, mainiacjoe_overflow_alcove_4, bloody_makhleb,
          chequers_temple_overflow_minitemple, chequers_arboretum
D:5:      layout_loops_corners, uniq_prince_ribbit1

Skill      XL: |  1  2  3  4  5  6 |
---------------+-------------------+-----
Polearms       | 3 4 5 |  5.1
Fire Magic     | 3 4 |  4.2
Armour         | 1 |  1.9
Spellcasting   | 2 |  2.2
Fighting       | |  3.8

Action                     |  1- 3 |  4- 6 || total
---------------------------+-------+-------++-------
  Melee: Spear             |   100 |   120 ||   220
         Tailslap          |     9 |    15 ||    24
         Punch             |     1 |     1 ||     2
         Halberd           |       |    21 ||    21
   Cast: Scorch            |       |    54 ||    54
 Invoke: Fiery Armour      |     2 |     1 ||     3
    Use: Scroll            |       |    16 ||    16
         Potion            |       |     2 ||     2
 Armour: Robe              |     9 |       ||     9
         Ring mail         |    10 |    46 ||    56
  Dodge: Dodged            |    51 |    50 ||   101
  Block: Other             |     4 |    26 ||    30

Table legend: (Time is in decaauts)
 A = Elapsed time spent in this place.
 B = Non-inter-level travel time spent in this place.
 C = Inter-level travel time spent in this place.
 D = Time resting spent in this place.
 E = Time spent auto-exploring this place.
 F = Levels seen in this place.
 G = Mean time per level.
                   A        B        C        D        E       F      G
               +--------+--------+--------+--------+--------+-----+--------+
         Total |   4320 |   4090 |    230 |     94 |   3306 |   5 |  864.0 |
       Dungeon |   4320 |   4090 |    230 |     94 |   3306 |   5 |  864.0 |
               +--------+--------+--------+--------+--------+-----+--------+

Top non-repeatable levels by time:
     D:3: 1181 daAuts
     D:4: 1133 daAuts
     D:2: 1027 daAuts
     D:1: 959 daAuts
     D:5: 19 daAuts
